 Dungeon Crawl Stone Soup version 0.20-a0-1018-ge435b50 (webtiles) character file.

122 Jojotehhead the Covered (level 5, -1/49 HPs)
             Began as a Gargoyle Fighter on Apr 17, 2017.
             Was an Initiate of Qazlal.
             Killed by divine providence
             ... invoked by an orc priest
              (10 damage)
             ... on level 5 of the Dungeon.
             The game lasted 00:08:12 (2292 turns).

Jojotehhead the Covered (Gargoyle Fighter)          Turns: 2292, Time: 00:08:13

Health: -1/49      AC: 22    Str: 16 (19) XL:     5   Next: 6%
Magic:  5/5        EV:  2    Int: 11      God:    Qazlal [......]
Gold:   142        SH:  8    Dex:  9 (10) Spells: 4/4 levels left

rFire    . . .     SeeInvis .   a - +0 war axe
rCold    . . .     Gourm    .   c - +0 shield
rNeg     + + +     Faith    .   (armour currently unavailable)
rPois    ∞         Spirit   .   (helmet currently unavailable)
rElec    .         Reflect  .   (cloak currently unavailable)
rCorr    .         Harm     .   (gloves currently unavailable)
MR       .....     NoTele   +   (boots currently unavailable)
Stlth    +.........             (no amulet)
Regen    0.2/turn               (no ring)
MPRegen  0.1/turn               (no ring)

@: tree-form
A: clever 1, negative energy resistance 1, petrification resistance, rot
immunity, AC +4
a: Renounce Religion


You were on level 5 of the Dungeon.
You worshipped Qazlal.
Qazlal was noncommittal.
You were hungry.
You were a tree.
You visited 1 branch of the dungeon, and saw 5 of its levels.

You collected 142 gold pieces.

Inventory:

Hand Weapons
 a - a +0 war axe (weapon)
Armour
 c - a +0 shield (worn)
 g - a scarf of resistance (melded)
 h - a +1 pair of gloves of archery (melded)
 r - a +0 plate armour (melded)
Jewellery
 d - an uncursed ring of see invisible {unknown}
 m - an uncursed amulet of magic regeneration {unknown}
 t - an uncursed amulet of rage {unknown}
Scrolls
 n - a scroll of remove curse
 o - a scroll of amnesia
 s - a scroll of fear {unknown}
Potions
 b - a potion of mutation
 e - a potion of degeneration
 i - a potion of heal wounds {unknown}
 l - a potion of agility
 p - a potion of lignification
Books
 q - a book of Conjurations

   Spells                             Type                      Level
   a - Magic Dart                     Conjuration                  1
   b - Searing Ray                    Conjuration                  2
   c - Dazzling Spray                 Conjuration/Hexes            3
   d - Fulminant Prism                Conjuration/Hexes            4
   e - Force Lance                    Conjuration/Translocation    4
   f - Iskenderun's Mystic Blast      Conjuration                  4
Comestibles
 f - 3 bread rations
 j - 2 fruits
 k - a meat ration


   Skills:
 + Level 3.7 Fighting
 * Level 3.9 Axes
 + Level 4.1 Armour
 - Level 3.2 Shields


You had 4 spell levels left.
You didn't know any spells.

Dungeon Overview and Level Annotations

Branches:
Dungeon (5/15)
 Temple: D:4-7

Altars:
Ashenzari
Qazlal
Uskayaw

Annotations:
D:4 case's ghost, novice DENe


Innate Abilities, Weirdness & Mutations

You are resistant to torment.
((Your stone body is resilient. (AC +4)))
You are immune to poison.
You resist negative energy. (rN+)
((You are resistant to electric shocks. (rElec)))
((You can survive without breathing.))
You are immune to petrification.
You are immune to rotting.
((You have a pair of small antennae on your head.))
((You have a beak for a mouth.))
((You have sharp toenails.))
Your mind is acute. (Int +2)


Message History

An adder comes into view.
The orc shouts!
The adder hisses angrily.
The orc priest calls down the wrath of Beogh upon you.
Beogh smites you!
* * * LOW HITPOINT WARNING * * *
Found a whip.
It was a potion of lignification.
You turn into a tree.
Your scarf of resistance melds into your body.
Your +1 pair of gloves of archery melds into your body.
Your +0 plate armour melds into your body.
You feel hot and cold all over.
Your aim is not that steady anymore.
Your roots penetrate the ground.
You slash the adder!
You kill the adder!
Qazlal accepts your kill.
You feel your dexterity returning.
You have reached level 5!
The orc priest invokes the aid of Beogh against you.
Beogh smites you!
You die...

..#.#.#.#.#.#.##
#.#.#.#o#.#.#.#.# #
#.#.#.#.#o#.#.#.####.
#.#.#.#.#.#.#.#.#....
.#.#.#.#.#.#o#.#.#.#
#.#.#.#.#.#.#.#.#..#
.#.#.#.#.#.#.#.#.#.#
.#.#.#S#.#.#.#.#..#
.#.#.#.#.#.#.#♣#
.#.#.#.#.#.#.#.#
.#.#.#.#.#.# ##
.#.#.#.#.# .#.#.#)#
.#.#.# .#.# .#


You could see an orc priest and 2 orcs.

Vanquished Creatures
  An orc wizard (D:4)
  6 adders
  An ooze (D:3)
  A dart slug (D:3)
  6 orcs
  A giant cockroach (D:2)
  6 goblins
  2 kobolds (D:3)
  4 bats
  4 frilled lizards
  2 rats (D:2)
34 creatures vanquished.

Notes
Turn   | Place    | Note
-------+----------+-------------------------------------------
     0 | D:1      | Jojotehhead the Gargoyle Fighter began the quest for the Orb.
     0 | D:1      | Reached XP level 1. HP: 14/14 MP: 1/1
     6 | D:1      | Noticed a basilisk
     6 | D:1      | Noticed a tyrant leech
     6 | D:1      | Noticed a soldier ant
     7 | D:1      | Noticed a yaktaur
   125 | D:1      | You fall through a shaft!
   287 | D:2      | Found a stormy altar of Qazlal.
   293 | D:2      | Became a worshipper of Qazlal Stormbringer
   460 | D:2      | Reached XP level 2. HP: 19/19 MP: 2/2
   997 | D:3      | Reached XP level 3. HP: 20/23 MP: 3/3
  1010 | D:3      | Found a shattered altar of Ashenzari.
  1174 | D:3      | Reached XP level 4. HP: 25/28 MP: 4/4
  1361 | D:3      | Reached skill level 4 in Armour
  1807 | D:4      | HP: 1/28 [orc wizard/magic dart (6)]
  1809 | D:4      | Gained mutation: You have sharp toenails. [potion of mutation]
  1809 | D:4      | Gained mutation: You have a beak for a mouth. [potion of mutation]
  1809 | D:4      | Gained mutation: Your mind is acute. (Int +2) [potion of mutation]
  1809 | D:4      | Gained mutation: You have a pair of small antennae on your head. [potion of mutation]
  2259 | D:4      | Noticed case's ghost (novice DENe)
  2279 | D:5      | Entered Level 5 of the Dungeon
  2279 | D:5      | Found a hide-covered altar of Uskayaw.
  2279 | D:5      | Noticed a hand axe
  2279 | D:5      | Noticed a dagger
  2291 | D:5      | Reached XP level 5. HP: 9/33 MP: 5/5
  2292 | D:5      | Killed from afar by an orc priest

Vault maps used:
D:1:      onia_arrival_zoo_common, doesnt_xom_only_xom
D:2:      lemuel_round_altar, minmay_tiny_reverse_x
D:3:      lemuel_round_altar, first_bread
D:4:      cheibrodos_quashed, old_standard_altar, kennysheep_mini,
          uniq_crazy_yiuf_cottage
D:5:      bloody_trog, elyvilon_altar_4, kennysheep_mini_moat,
          dancing_weapons_uskayaw, makhleb_blood_cavern_becter, basic_altar,
          grunt_dithmenos_shadows, uniq_pikel

Skill      XL: |  1  2  3  4 |
---------------+-------------+-----
Axes           | 2 3 |  3.9
Armour         | 4 |  4.1
Fighting       | |  3.7
Shields        | |  3.2

Action                   |  1- 3 |  4- 6 || total
-------------------------+-------+-------++-------
Melee: War axe           |   122 |    91 ||   213
       Peck              |       |     1 ||     1
  Use: Scroll            |       |     5 ||     5
       Potion            |       |     5 ||     5
  Eat: Chunk             |     1 |     3 ||     4
Armor: Scale mail        |    18 |       ||    18
       Plate armour      |    76 |    69 ||   145
Dodge: Dodged            |    24 |    12 ||    36
Block: Shield            |    78 |    42 ||   120
